 Dungeon Sprint DCSS version 0.17.0-56-gd8de76c (webtiles) character file.

38950 Ponchio the Sorcerer (level 13, -1/63 HPs)
             Began as a Deep Elf Fire Elementalist on Dec 5, 2015.
             Was the Champion of Vehumet.
             Splashed by an oklob plant's acid (12 damage)
             ... in the Dungeon (Sprint V: "Ziggurat Sprint").
             The game lasted 00:56:04 (8618 turns).

Ponchio the Sorcerer (Deep Elf Fire Elementalist)   Turns: 8618, Time: 00:56:08

Health: -1/63      AC:  0    Str:  5    XL:     13   Next: 66%
Magic:  38/48      EV: 24    Int: 41    God:    Vehumet [******]
Gold:   0          SH:  0    Dex: 15    Spells: 5 memorised, 31 levels left

rFire  . . .     SeeInvis .     I - +6 Majin-Bo {vamp, Archmagi MP+6 Int+6}
rCold  . . .     Clarity  .     P - +2 robe
rNeg   + . .     SustAt   .     (shield currently unavailable)
rPois  +         Gourm    .     (no helmet)
rElec  .         Spirit   .     (no cloak)
rCorr  .         Warding  .     (no gloves)
rMut   .         NoTele   +     (no boots)
MR     +++..                    (no amulet)
Stlth  ++........               U - ring "Poaxt" {Wiz rPois rN+ MR+ Int+4}
                                x - ring of the Fool {MR+ Int+5}

@: corroded equipment, deflect missiles, extremely resistant to hostile
enchantments, unstealthy
A: no striking features
a: Renounce Religion


You were in the Dungeon.
You worshipped Vehumet.
Vehumet was exalted by your worship.
You were hungry.

You visited 1 branch

Inventory:

Hand Weapons
 I - the +6 Majin-Bo (weapon) {vamp, Archmagi MP+6 Int+6}
   (You found it in the Dungeon)

   It inflicts no extra harm, but heals its wielder somewhat when it strikes a
   living foe.
   It affects your intelligence (+6).
   It affects your magic capacity (+6).
Armour
 P - a +2 robe (worn)
Jewellery
 x - the ring of the Fool (left hand) {MR+ Int+5}
   (You found it in the Dungeon)

   [ring of protection from magic]

   It affects your intelligence (+5).
   It affects your resistance to hostile enchantments.
 A - a +6 ring of intelligence
 B - a +6 ring of intelligence
 U - the ring "Poaxt" (right hand) {Wiz rPois rN+ MR+ Int+4}
   (You found it in the Dungeon)

   [ring of wizardry]

   It improves your spell success rate.
   It affects your intelligence (+4).
   It protects you from poison.
   It protects you from negative energy.
   It affects your resistance to hostile enchantments.
 W - a +5 ring of evasion
Wands
 F - a wand of fire (4)
 G - a wand of cold (4)
 H - a wand of draining (2)
Scrolls
 i - a scroll of blinking
 p - 4 scrolls of amnesia
 q - 3 scrolls of recharging
 r - 7 scrolls of fog
 s - a scroll of holy word
 t - 5 scrolls of identify
 u - 5 scrolls of remove curse
 v - 2 scrolls of fear
Potions
 d - 10 potions of curing
 e - a potion of heal wounds
 f - 4 potions of haste
 g - 6 potions of magic
 h - 3 potions of berserk rage
 j - 2 potions of brilliance
 k - 2 potions of invisibility
 l - 4 potions of resistance
 n - 6 potions of agility
 o - 5 potions of might
Books
 a - Sif Muna's Papyrus of Shape Shifting
   (You found it in the Dungeon)

   Spells                             Type                      Level
   a - Beastly Appendage              Transmutation                1
   b - Alistair's Intoxication        Transmutation/Poison         4
   c - Irradiate                      Conjuration/Transmutation    5
 b - a book of Flames

   Spells                             Type                      Level
   a - Flame Tongue                   Conjuration/Fire             1
   b - Throw Flame                    Conjuration/Fire             2
   c - Conjure Flame                  Conjuration/Fire             3
   d - Inner Flame                    Hexes/Fire                   3
   e - Sticky Flame                   Conjuration/Fire             4
   f - Fireball                       Conjuration/Fire             5
 m - a book of Enchantments

   Spells                             Type                      Level
   a - Cause Fear                     Hexes                        4
   b - Silence                        Hexes/Air                    5
   c - Deflect Missiles               Charms/Air                   6
   d - Haste                          Charms                       6
   e - Discord                        Hexes                        8
 y - the Almanac of the Toxic Glacier
   (You found it in the Dungeon)

   Spells                             Type                      Level
   a - Sting                          Conjuration/Poison           1
   b - Condensation Shield            Ice                          4
   c - Olgreb's Toxic Radiance        Poison                       4
   d - Metabolic Englaciation         Hexes/Ice                    5
   e - Simulacrum                     Ice/Necromancy               6
 z - a book of Beasts

   Spells                             Type                      Level
   a - Summon Butterflies             Summoning                    1
   b - Call Canine Familiar           Summoning                    3
   c - Summon Ice Beast               Ice/Summoning                4
   d - Summon Mana Viper              Hexes/Summoning              5
   e - Summon Hydra                   Summoning                    7
 D - a book of Clouds

   Spells                             Type                      Level
   a - Mephitic Cloud                 Conjuration/Poison/Air       3
   b - Conjure Flame                  Conjuration/Fire             3
   c - Poisonous Cloud                Conjuration/Poison/Air       6
   d - Freezing Cloud                 Conjuration/Ice/Air          6
   e - Ring of Flames                 Charms/Fire                  7
 E - a book of the Earth

   Spells                             Type                      Level
   a - Leda's Liquefaction            Hexes/Earth                  4
   b - Bolt of Magma                  Conjuration/Fire/Earth       5
   c - Statue Form                    Transmutation/Earth          6
   d - Iron Shot                      Conjuration/Earth            6
   e - Shatter                        Earth                        9
 J - a book of Geomancy

   Spells                             Type                      Level
   a - Sandblast                      Earth                        1
   b - Stoneskin                      Transmutation/Earth          2
   c - Passwall                       Transmutation/Earth          3
   d - Stone Arrow                    Conjuration/Earth            3
   e - Petrify                        Transmutation/Earth          4
   f - Lee's Rapid Deconstruction     Earth                        5
 K - Fut Ycw's Handbook of Flight
   (You found it in the Dungeon)

   Spells                             Type                      Level
   a - Repel Missiles                 Charms/Air                   2
   b - Swiftness                      Charms/Air                   2
   c - Silence                        Hexes/Air                    5
 L - a book of Envenomations

   Spells                             Type                      Level
   a - Spider Form                    Transmutation/Poison         3
   b - Alistair's Intoxication        Transmutation/Poison         4
   c - Olgreb's Toxic Radiance        Poison                       4
   d - Poisonous Cloud                Conjuration/Poison/Air       6
 M - a book of Necromancy

   Spells                             Type                      Level
   a - Pain                           Necromancy                   1
   b - Animate Skeleton               Necromancy                   1
   c - Vampiric Draining              Necromancy                   3
   d - Regeneration                   Charms/Necromancy            3
   e - Animate Dead                   Necromancy                   4
   f - Control Undead                 Necromancy                   4
 N - the Almanac of Beguiling and the Snowflakes
   (You found it in the Dungeon)

   Spells                             Type                      Level
   a - Freeze                         Ice                          1
   b - Ensorcelled Hibernation        Hexes/Ice                    2
   c - Dazzling Spray                 Conjuration/Hexes            3
   d - Silence                        Hexes/Air                    5
   e - Mass Confusion                 Hexes                        6
 R - a book of Air

   Spells                             Type                      Level
   a - Shock                          Conjuration/Air              1
   b - Swiftness                      Charms/Air                   2
   c - Repel Missiles                 Charms/Air                   2
   d - Static Discharge               Conjuration/Air              3
   e - Lightning Bolt                 Conjuration/Air              5
 S - a book of Party Tricks

   Spells                             Type                      Level
   a - Summon Butterflies             Summoning                    1
   b - Apportation                    Translocation                1
   c - Tukima's Dance                 Hexes                        3
   d - Alistair's Intoxication        Transmutation/Poison         4
   e - Invisibility                   Hexes                        6
 T - Borgnjor's Grimoire of Sinister Magic
   (You found it in the Dungeon)

   Spells                             Type                      Level
   a - Animate Skeleton               Necromancy                   1
   b - Vampiric Draining              Necromancy                   3
   c - Agony                          Necromancy                   5
   d - Cigotuvi's Embrace             Necromancy                   5
 Y - the Tome of Attacks
   (You found it in the Dungeon)

   Spells                             Type                      Level
   a - Flame Tongue                   Conjuration/Fire             1
   b - Searing Ray                    Conjuration                  2
   c - Stone Arrow                    Conjuration/Earth            3
   d - Lightning Bolt                 Conjuration/Air              5
 Z - the Handbook of Supportive Talismans
   (You found it in the Dungeon)

   Spells                             Type                      Level
   a - Infusion                       Charms                       1
   b - Shroud of Golubria             Charms/Translocation         2
   c - Song of Slaying                Charms                       2
   d - Call Imp                       Summoning                    2
   e - Deflect Missiles               Charms/Air                   6
   f - Summon Hydra                   Summoning                    7
Miscellaneous
 C - a lamp of fire
 O - a fan of gales
 Q - 2 phantom mirrors
 X - a phial of floods
Comestibles
 c - 5 bread rations
 w - 36 fruits


   Skills:
 - Level 18.1 Dodging
 - Level 2.4 Stealth
 - Level 23.3 Spellcasting
 - Level 20.2 Conjurations
 - Level 15.9 Charms
 - Level 3.2 Fire Magic
 - Level 7.0 Air Magic
 + Level 16.2 Earth Magic
 - Level 8.0 Evocations


You had 31 spell levels left.
You knew the following spells:

 Your Spells              Type           Power        Failure   Level  Hunger
a - Flame Tongue          Conj/Fire      #####        0%          1    None
b - Fireball              Conj/Fire      ########..   1%          5    None
c - Haste                 Chrm           ########     1%          6    None
d - Deflect Missiles      Chrm/Air       ########..   1%          6    None
e - Shatter               Erth           ########..   4%          9    ##.....


Dungeon Overview and Level Annotations

Branches:
Dungeon (1/1)

Altars:
Ashenzari
Cheibriados
Dithmenos
Elyvilon
Fedhas
Gozag
Kikubaaqudgha
Makhleb
Nemelex Xobeh
Okawaru
Qazlal
Ru
Sif Muna
Trog
Vehumet
Xom
Yredelemnul
Zin
The Shining One
Beogh
Jiyva
Lugonu

Annotations:
D exclusion: oklob plant


Message History

Found four items.
Casting: Fireball
Confirm with . or Enter, or press ? or * to list all spells.
Aiming: Fireball
Press: ? - help, Shift-Dir - straight line You feel a surge of power!
The fireball explodes!
The fireball engulfs the oklob plant.
The oklob plant is moderately damaged.
Casting: Fireball
Confirm with . or Enter, or press ? or * to list all spells.
Aiming: Fireball
Press: ? - help, Shift-Dir - straight line You feel a surge of power!
The fireball explodes!
The fireball engulfs the oklob plant.
The oklob plant is almost destroyed.
The oklob plant spits acid at you. The splash of acid hits you!
* * * LOW HITPOINT WARNING * * *
The acid corrodes you!
The acid burns!
You die...

▓.8©8.▓.8©
▓..).[P|....▓▓.†)).▓.))
▓..|[))=)|..▓▓.†...▓...
▓......[†...▓▓.....▓...
▓.....).....▓▓.....▓..)
▓...).)))...▓▓.....▓..)
....)[..... ▓.....▓..(
▓..().▓ ▓▓▓▓▓▓▓▓▓▓▓
▓▓.@.▓▓ ▓..8©8...▓.
▓..▓.....▓..▓...|....▓.
▓.....(.....▓...|....▓.
▓▓▓▓▓▓▓▓▓▓▓▓▓..))....▓.
▓....8©8....▓...)....▓.
▓...).|.....▓.▓.)..▓.▓.
▓....)......▓........▓.
▓...........▓▓▓▓▓▓▓▓▓▓▓
▓)....†.....▓...8©8...▓


You could see an oklob plant.

Vanquished Creatures
  An Executioner (D)
  2 shadow dragons (D)
  A spriggan defender (D)
  2 stone giants (D)
  An apis (D)
  A dire elephant (D)
  A purple draconian (D)
  A deep elf annihilator (D)
  A mummy priest (D)
  A yaktaur captain (D)
  A deep elf high priest (D)
  7 vault guards (D)
  2 spriggan air magi (D)
  A satyr (D)
  4 spriggan berserkers (D)
  A deep elf knight (D)
  A spriggan druid (D)
  3 deep elf summoners (D)
  2 deep elf conjurers (D)
  3 wolf spiders (D)
  A shining eye (D)
  3 ugly things (D)
  2 necromancers (D)
  4 draconians (D)
  3 hornets (D)
  3 spiny frogs (D)
  A demonic crawler (D)
  A deep elf priest (D)
  A jumping spider (D)
  An ushabti (D)
  A small abomination (D)
  A vampire (D)
  3 deep elf magi (D)
  A shadow (D)
  3 redbacks (D)
  A ynoxinul (D)
  A flying skull (D)
  A deep elf fighter (D)
  A tarantella (D)
  A trapdoor spider (D)
  3 wolves (D)
  A basilisk (shapeshifter) (D)
  An insubstantial wisp (D)
  A wasp (D)
  2 orc warriors (D)
  A sky beast (shapeshifter) (D)
  A necrophage (D)
  A crocodile (D)
  2 scorpions (D)
  A wight (D)
  An iron imp (D)
  An orc wizard (D)
  An iguana (D)
  3 mummies (D)
  A shadow imp (D)
  2 white imps (D)
  An ufetubus (D)
  An adder skeleton (D)
  4 orcs (D)
  A bat skeleton (D)
  2 bat zombies (D)
  A ball python zombie (D)
  A giant cockroach zombie (D)
  A jackal (D)
  A jackal zombie (D)
  A lurking horror (D)
108 creatures vanquished.

Vanquished Creatures (collateral kills)
  A vampire knight (D)
  A vampire mage (D)
  A wight (D)
  An adder skeleton (D)
  A bat skeleton (D)
5 creatures vanquished.

Vanquished Creatures (others)
  Nikola (D)
  20 acid blobs (D)
  Kirke (D)
  24 azure jellies (D)
  Nessos (D)
  37 death oozes (D)
  Erolcha (D)
  2 spatial maelstroms (D)
  Maurice (D)
  Grinder (D)
  Blork the orc (D)
  Dowan (D)
91 creatures vanquished.

Grand Total: 204 creatures vanquished

Notes
Turn   | Place    | Note
--------------------------------------------------------------
     0 | D        | Ponchio the Deep Elf Fire Elementalist began the quest for the Orb.
     0 | D        | Reached XP level 1. HP: 10/10 MP: 6/6
     0 | D        | Found a roughly hewn altar of Beogh.
     0 | D        | Found a viscous altar of Jiyva.
     0 | D        | Found a corrupted altar of Lugonu.
     0 | D        | Found a white marble altar of Elyvilon.
     0 | D        | Found a sparkling altar of Nemelex Xobeh.
     1 | D        | Found a burning altar of Makhleb.
     1 | D        | Found an iron altar of Okawaru.
     1 | D        | Found a deep blue altar of Sif Muna.
     1 | D        | Found a radiant altar of Vehumet.
     1 | D        | Found a bloodstained altar of Trog.
     1 | D        | Found a shimmering altar of Xom.
     3 | D        | Banished a spatial maelstrom
     5 | D        | Banished a spatial maelstrom
    34 | D        | Became a worshipper of Vehumet
    58 | D        | Reached skill level 8 in Evocations
    58 | D        | Reached XP level 2. HP: 15/15 MP: 6/9
    63 | D        | Killed a death ooze
   120 | D        | Entered arena 1.
   131 | D        | Entered arena 2.
   131 | D        | Noticed a deep elf knight
   131 | D        | Noticed a deep elf high priest
   131 | D        | Noticed a deep elf fighter
   136 | D        | Killed a deep elf fighter
   136 | D        | Reached * piety under Vehumet
   136 | D        | Offered knowledge of Freeze by Vehumet.
   136 | D        | Reached XP level 3. HP: 5/19 MP: 15/15
   136 | D        | Reached XP level 4. HP: 6/24 MP: 16/16
   136 | D        | Reached XP level 5. HP: 7/28 MP: 17/18
   140 | D        | Killed a deep elf knight
   140 | D        | Reached skill level 13 in Spellcasting
   140 | D        | Reached XP level 6. HP: 32/32 MP: 17/24
   140 | D        | Reached XP level 7. HP: 36/36 MP: 18/26
   142 | D        | Killed a deep elf high priest
   142 | D        | Reached ** piety under Vehumet
   142 | D        | Reached skill level 15 in Spellcasting
   142 | D        | Reached XP level 8. HP: 34/41 MP: 18/29
   176 | D        | Killed an azure jelly
   182 | D        | Learned a level 5 spell: Fireball
   189 | D        | Learned a level 6 spell: Haste
   226 | D        | Entered arena 3.
   226 | D        | Noticed a scorpion
   226 | D        | Noticed a scorpion
   226 | D        | Noticed a jumping spider
   226 | D        | Noticed a tarantella
   227 | D        | Killed a scorpion
   227 | D        | Killed a scorpion
   228 | D        | Killed a tarantella
   229 | D        | Killed a jumping spider
   229 | D        | Reached *** piety under Vehumet
   349 | D        | Learned a level 6 spell: Deflect Missiles
   386 | D        | Identified Fut Ycw's Handbook of Flight (You found it in the Dungeon)
   388 | D        | Entered arena 4.
   388 | D        | Noticed a deep elf annihilator
   388 | D        | Noticed a deep elf summoner
   388 | D        | Noticed a deep elf mage
   388 | D        | Noticed a deep elf summoner
   390 | D        | Noticed a jumping spider
   391 | D        | Killed a deep elf summoner
   391 | D        | Offered knowledge of Searing Ray by Vehumet.
   391 | D        | Reached XP level 9. HP: 39/45 MP: 25/30
   392 | D        | Killed a deep elf annihilator
   392 | D        | Reached skill level 5 in Air Magic
   393 | D        | Killed a deep elf summoner
   393 | D        | Reached skill level 15 in Charms
   394 | D        | Killed a deep elf mage
   405 | D        | Identified the Almanac of Beguiling and the Snowflakes (You found it in the Dungeon)
   436 | D        | Killed an azure jelly
   624 | D        | Entered arena 5.
   624 | D        | Noticed a draconian
   624 | D        | Noticed a draconian
   624 | D        | Noticed a purple draconian
   624 | D        | Noticed a draconian
   624 | D        | Noticed a draconian
   625 | D        | Killed Kirke
   627 | D        | Killed a draconian
   627 | D        | Offered knowledge of Static Discharge by Vehumet.
   627 | D        | Reached **** piety under Vehumet
   627 | D        | Reached XP level 10. HP: 36/50 MP: 21/31
   627 | D        | Killed a purple draconian
   627 | D        | Reached skill level 16 in Spellcasting
   628 | D        | Killed a draconian
   628 | D        | Killed a draconian
   629 | D        | Killed a draconian
   629 | D        | Reached ***** piety under Vehumet
   629 | D        | Reached skill level 17 in Spellcasting
   698 | D        | Killed an acid blob
   801 | D        | Killed an azure jelly
   952 | D        | Entered arena 6.
   952 | D        | Noticed a brown ugly thing
   952 | D        | Noticed a basilisk
   952 | D        | Noticed a brown ugly thing
   952 | D        | Noticed a sky beast
   952 | D        | Noticed a green ugly thing
   952 | D        | Noticed a shining eye
   953 | D        | Killed a sky beast
   953 | D        | Offered knowledge of Fulminant Prism by Vehumet.
   954 | D        | Killed a basilisk
   954 | D        | Killed a shining eye
   954 | D        | Killed a brown ugly thing
   955 | D        | Killed a green ugly thing
   955 | D        | Reached skill level 15 in Conjurations
   956 | D        | Killed a brown ugly thing
   956 | D        | Reached skill level 10 in Dodging
   956 | D        | Reached XP level 11. HP: 35/54 MP: 30/34
  1077 | D        | Killed an acid blob
  1078 | D        | Killed an azure jelly
  1126 | D        | Entered arena 7.
  1126 | D        | Noticed a deep elf conjurer
  1126 | D        | Noticed a deep elf conjurer
  1126 | D        | Noticed a deep elf mage
  1126 | D        | Noticed a deep elf summoner
  1126 | D        | Noticed a deep elf mage
  1126 | D        | Noticed a deep elf priest
  1127 | D        | Killed a deep elf mage
  1127 | D        | Offered knowledge of Iskenderun's Mystic Blast by Vehumet.
  1127 | D        | Reached skill level 18 in Spellcasting
  1128 | D        | Killed a deep elf priest
  1129 | D        | Killed a deep elf conjurer
  1129 | D        | Reached ****** piety under Vehumet
  1129 | D        | Killed a deep elf conjurer
  1129 | D        | Killed a deep elf summoner
  1129 | D        | Killed a deep elf mage
  1136 | D        | Identified Borgnjor's Grimoire of Sinister Magic (You found it in the Dungeon)
  1262 | D        | Entered arena 8.
  1262 | D        | Noticed an orc warrior
  1262 | D        | Noticed an orc wizard
  1262 | D        | Noticed an orc warrior
  1263 | D        | Killed an orc wizard
  1264 | D        | Killed an orc warrior
  1264 | D        | Killed an orc warrior
  1357 | D        | Killed an azure jelly
  1431 | D        | Entered arena 9.
  1431 | D        | Noticed a mummy priest
  1431 | D        | Noticed an ushabti
  1431 | D        | Noticed a flying skull
  1432 | D        | Offered knowledge of Orb of Destruction by Vehumet.
  1433 | D        | Killed a mummy priest
  1433 | D        | Reached skill level 19 in Spellcasting
  1433 | D        | Killed a flying skull
  1439 | D        | Killed an ushabti
  1511 | D        | Killed an azure jelly
  1715 | D        | Got the ring "Poaxt" {Wiz rPois rN+ MR+ Int+4}
  1864 | D        | Killed Blork the orc
  1889 | D        | Killed an acid blob
  1901 | D        | Killed a death ooze
  2013 | D        | Killed Nessos
  2075 | D        | Killed an azure jelly
  2150 | D        | Killed a death ooze
  2195 | D        | Killed an azure jelly
  2348 | D        | Killed Dowan
  2354 | D        | Killed an acid blob
  2355 | D        | Killed a death ooze
  2366 | D        | Killed an azure jelly
  2457 | D        | Killed an acid blob
  2501 | D        | Killed an acid blob
  2591 | D        | Killed a death ooze
  2833 | D        | Killed a death ooze
  2833 | D        | Killed an azure jelly
  3395 | D        | Killed a death ooze
  3443 | D        | Killed an azure jelly
  3583 | D        | Killed a death ooze
  3712 | D        | Killed a death ooze
  3762 | D        | Killed a death ooze
  3767 | D        | Killed an azure jelly
  3798 | D        | Killed an azure jelly
  3854 | D        | Killed an acid blob
  4005 | D        | Killed an azure jelly
  4099 | D        | Killed an azure jelly
  4121 | D        | Killed a death ooze
  4136 | D        | Killed an azure jelly
  4282 | D        | Killed an acid blob
  4348 | D        | Killed a death ooze
  4406 | D        | Killed a death ooze
  4662 | D        | Killed an azure jelly
  5045 | D        | Killed an acid blob
  5164 | D        | Killed a death ooze
  5179 | D        | Killed a death ooze
  5184 | D        | Killed a death ooze
  5194 | D        | Killed an azure jelly
  5246 | D        | Killed an acid blob
  5247 | D        | Killed a death ooze
  5252 | D        | Killed a death ooze
  5297 | D        | Killed Grinder
  5352 | D        | Killed a death ooze
  5417 | D        | Killed an azure jelly
  5522 | D        | Killed a death ooze
  5546 | D        | Killed a death ooze
  5637 | D        | Killed a death ooze
  5805 | D        | Killed an acid blob
  5815 | D        | Killed an azure jelly
  5888 | D        | Killed Nikola
  5953 | D        | Killed a death ooze
  6006 | D        | Killed Erolcha
  6145 | D        | Killed an azure jelly
  6508 | D        | Killed a death ooze
  6538 | D        | Killed an acid blob
  6561 | D        | Killed an azure jelly
  6570 | D        | Killed an acid blob
  6698 | D        | Killed an acid blob
  6764 | D        | Killed a death ooze
  7168 | D        | Killed a death ooze
  7238 | D        | Killed Maurice
  7238 | D        | Killed a death ooze
  7271 | D        | Killed a death ooze
  7290 | D        | Entered arena 10.
  7290 | D        | Noticed a wolf
  7290 | D        | Noticed a spiny frog
  7290 | D        | Noticed a wolf
  7290 | D        | Noticed a spiny frog
  7290 | D        | Noticed a crocodile
  7290 | D        | Noticed a wolf
  7290 | D        | Noticed a spiny frog
  7290 | D        | Noticed an iguana
  7291 | D        | Killed an iguana
  7291 | D        | Killed a wolf
  7292 | D        | Killed a spiny frog
  7292 | D        | Offered knowledge of Force Lance by Vehumet.
  7292 | D        | Killed a spiny frog
  7292 | D        | Killed a wolf
  7292 | D        | Killed a spiny frog
  7293 | D        | Killed a crocodile
  7293 | D        | Killed a wolf
  7431 | D        | Entered arena 11.
  7431 | D        | Noticed a wolf spider
  7431 | D        | Noticed a wolf spider
  7431 | D        | Noticed a redback
  7431 | D        | Noticed a wasp
  7431 | D        | Noticed a hornet
  7432 | D        | Noticed a redback
  7432 | D        | Noticed a trapdoor spider
  7432 | D        | Noticed a hornet
  7432 | D        | Killed a wasp
  7432 | D        | Killed a hornet
  7433 | D        | Noticed a demonic crawler
  7433 | D        | Killed a wolf spider
  7433 | D        | Killed a trapdoor spider
  7433 | D        | Killed a hornet
  7434 | D        | Noticed a wolf spider
  7434 | D        | Killed a redback
  7434 | D        | Reached skill level 20 in Spellcasting
  7435 | D        | Killed a wolf spider
  7436 | D        | Killed a redback
  7436 | D        | Killed a demonic crawler
  7438 | D        | Killed a wolf spider
  7456 | D        | Identified the Tome of Attacks (You found it in the Dungeon)
  7458 | D        | Identified the Handbook of Supportive Talismans (You found it in the Dungeon)
  7487 | D        | Identified Sif Muna's Papyrus of Shape Shifting (You found it in the Dungeon)
  7590 | D        | Killed an acid blob
  7597 | D        | Killed a death ooze
  7603 | D        | Killed a death ooze
  7675 | D        | Entered arena 12.
  7675 | D        | Noticed an Executioner
  7675 | D        | Noticed an insubstantial wisp
  7675 | D        | Noticed a ynoxinul
  7676 | D        | Noticed a small abomination
  7676 | D        | Offered knowledge of Freezing Cloud by Vehumet.
  7677 | D        | Noticed a necromancer
  7678 | D        | Noticed an iron imp
  7678 | D        | Killed a small abomination
  7678 | D        | Reached XP level 12. HP: 45/59 MP: 34/38
  7680 | D        | Killed a necromancer
  7680 | D        | Killed a ynoxinul
  7684 | D        | Killed an Executioner
  7685 | D        | Killed an insubstantial wisp
  7690 | D        | Killed an iron imp
  7698 | D        | Got the ring of the Fool {MR+ Int+5}
  7756 | D        | Killed an acid blob
  7844 | D        | Killed an acid blob
  7909 | D        | Entered arena 13.
  7910 | D        | Noticed a shadow dragon
  7910 | D        | Noticed a vault guard
  7910 | D        | Noticed a yaktaur captain
  7910 | D        | Noticed a stone giant
  7910 | D        | Noticed a vault guard
  7912 | D        | Noticed a stone giant
  7912 | D        | Noticed a vault guard
  7912 | D        | Noticed a vault guard
  7912 | D        | Noticed a vault guard
  7912 | D        | Noticed a vault guard
  7913 | D        | Killed a stone giant
  7913 | D        | Offered knowledge of Bolt of Fire by Vehumet.
  7913 | D        | Reached skill level 15 in Dodging
  7913 | D        | Reached skill level 21 in Spellcasting
  7914 | D        | Noticed a shadow dragon
  7914 | D        | Killed a vault guard
  7915 | D        | Noticed a vault guard
  7915 | D        | Killed a vault guard
  7915 | D        | Killed a vault guard
  7917 | D        | Killed a vault guard
  7918 | D        | Killed a shadow dragon
  7918 | D        | Reached skill level 22 in Spellcasting
  7918 | D        | Killed a vault guard
  7918 | D        | Killed a yaktaur captain
  7924 | D        | Killed a shadow dragon
  7927 | D        | Killed a vault guard
  7927 | D        | Reached XP level 13. HP: 26/63 MP: 29/41
  7928 | D        | Killed a vault guard
  7932 | D        | Killed a stone giant
  7932 | D        | Reached skill level 23 in Spellcasting
  8042 | D        | Killed an azure jelly
  8166 | D        | Killed an acid blob
  8188 | D        | Identified the Almanac of the Toxic Glacier (You found it in the Dungeon)
  8226 | D        | Entered arena 14.
  8226 | D        | Noticed a vampire
  8226 | D        | Noticed a vampire knight
  8226 | D        | Noticed a vampire mage
  8226 | D        | Noticed a wight
  8226 | D        | Noticed a wight
  8231 | D        | Noticed a necrophage
  8231 | D        | Offered knowledge of Poison Arrow by Vehumet.
  8232 | D        | Noticed a necromancer
  8232 | D        | Noticed a shadow
  8233 | D        | Killed a necromancer
  8233 | D        | Killed a necrophage
  8234 | D        | Killed a vampire knight
  8236 | D        | Killed a wight
  8237 | D        | Killed a vampire
  8237 | D        | Killed a wight
  8238 | D        | Killed a shadow
  8242 | D        | Killed a vampire mage
  8355 | D        | Killed an acid blob
  8355 | D        | Killed an azure jelly
  8420 | D        | Learned a level 9 spell: Shatter
  8454 | D        | Entered arena 15.
  8455 | D        | Noticed a spriggan berserker
  8455 | D        | Noticed a spriggan berserker
  8455 | D        | Noticed an apis
  8455 | D        | Noticed a hornet
  8455 | D        | Noticed a spriggan air mage
  8455 | D        | Noticed a redback
  8455 | D        | Noticed a spriggan defender
  8456 | D        | Killed a redback
  8456 | D        | Offered knowledge of Bolt of Cold by Vehumet.
  8457 | D        | Noticed a spriggan berserker
  8457 | D        | Noticed a dire elephant
  8457 | D        | Killed a spriggan air mage
  8458 | D        | Noticed a spriggan druid
  8458 | D        | Killed a hornet
  8459 | D        | Noticed a spriggan air mage
  8459 | D        | Noticed a spriggan berserker
  8459 | D        | Killed a spriggan berserker
  8460 | D        | Noticed a satyr
  8462 | D        | Killed a spriggan berserker
  8463 | D        | Killed an apis
  8463 | D        | Killed a spriggan druid
  8463 | D        | Killed a spriggan defender
  8464 | D        | Killed a spriggan air mage
  8464 | D        | Killed a spriggan berserker
  8464 | D        | Reached skill level 15 in Earth Magic
  8465 | D        | Killed a dire elephant
  8467 | D        | Killed a spriggan berserker
  8469 | D        | Killed a satyr
  8505 | D        | Killed an acid blob
  8616 | D        | Noticed an oklob plant
  8618 | D        | Splashed by an oklob plant's acid

Action                   |  1- 3 |  4- 6 |  7- 9 | 10-12 | 13-15 || total
-------------------------+-------+-------+-------+-------+-------++-------
Melee: Quarterstaff      |       |       |       |     5 |     1 ||     6
 Cast: Fireball          |       |       |     9 |    49 |    27 ||    85
       Haste             |       |       |     1 |     8 |     2 ||    11
       Deflect Missiles  |       |       |     1 |       |       ||     1
       Flame Tongue      |       |       |       |       |     1 ||     1
Evoke: Wand              |     5 |     3 |     4 |       |       ||    12
       Fan of gales      |       |       |       |       |     2 ||     2
  Use: Potion            |     3 |     1 |     1 |     5 |     3 ||    13
       Scroll            |       |       |       |     2 |     1 ||     3
  Eat: Fruit             |     2 |       |       |     2 |     2 ||     6
       Chunk             |       |       |     3 |     2 |       ||     5
       Meat ration       |       |       |       |     4 |       ||     4
